 Dungeon Crawl Stone Soup version 0.21.1-1-g345015fe64 (webtiles) character file.

66 Knicklaso the Skirmisher (level 4, -3/33 HPs)
             Began as a Halfling Berserker on Apr 15, 2018.
             Was a Believer of Trog.
             Slain by a gnoll
             ... wielding a +0 club
              (6 damage)
             ... on level 1 of the Dungeon.
             The game lasted 00:04:30 (1274 turns).

Knicklaso the Skirmisher (Halfling Berserker)       Turns: 1274, Time: 00:04:31

Health: -3/33      AC:  3    Str: 19    XL:     4   Next: 37%
Magic:  4/4        EV: 14    Int:  5    God:    Trog [**....]
Gold:   43         SH:  0    Dex: 13    Spells: 3/3 levels left

rFire    . . .     SeeInvis .   a - +0 falchion
rCold    . . .     Gourm    .   (shield restricted)
rNeg     . . .     Faith    .   l - +0 leather armour
rPois    .         Spirit   .   (no helmet)
rElec    .         Reflect  .   (no cloak)
rCorr    .         Harm     .   (no gloves)
MR       .....                  (no boots)
Stlth    +.........             (no amulet)
HPRegen  0.11/turn              (no ring)
MPRegen  0.09/turn              (no ring)

@: no status effects
A: small, mutation resistance 1
a: Berserk, Trog's Hand, Burn Spellbooks, Renounce Religion


You were on level 1 of the Dungeon.
You worshipped Trog.
Trog was pleased with you.
You were not hungry.

You visited 1 branch of the dungeon, and saw 2 of its levels.

You collected 43 gold pieces.

Inventory:

Hand Weapons
 a - a +0 falchion (weapon)
Armour
 l - a +0 leather armour (worn)
Jewellery
 k - a cursed -5 ring of dexterity {unknown}
Scrolls
 f - a scroll of magic mapping {unknown}
 g - 3 scrolls of identify {unknown}
 h - 2 scrolls of remove curse {unknown}
Potions
 b - a potion of degeneration {unknown}
 d - 3 potions of heal wounds {unknown}
 e - a potion of agility {unknown}
 i - a potion of flight {unknown}
Comestibles
 c - 2 rations


   Skills:
 * Level 4.0 Fighting
 + Level 3.6 Long Blades
 - Level 2.1 Armour
 - Level 2.1 Dodging


You had 3 spell levels left.
You didn't know any spells.

Dungeon Overview and Level Annotations

Branches:
Dungeon (2/15)

Altars:


Innate Abilities, Weirdness & Mutations

You are small and have problems with some larger weapons.
You are somewhat resistant to further mutation.


Message History

The gnoll is caught in the net!
The gnoll is moderately wounded.
The gnoll struggles against the net.
The gnoll struggles against the net.
You hit the gnoll but do no damage.
The gnoll is moderately wounded.
The gnoll struggles against the net.
You slash the gnoll!
The gnoll is severely wounded.
The gnoll struggles against the net.
You hit the gnoll.
The gnoll is almost dead.
The gnoll struggles against the net.
The net rips apart, and the gnoll comes free!
The gnoll hits you with a club.
* * * LOW HITPOINT WARNING * * *
You barely miss the gnoll.
The gnoll is almost dead.
The gnoll hits you with a club.
You die...

........####....#.###...#
........# #....#.#.....#
.##.....# #....#.......#
.##.....# #....#.....#>#
........# #....##....####
.##.....# #.............#
.##.....# #.............#####
........# ####..g...........#
....###########.@........###.#
...........##................#
..#####....##..##♣♣♣.♣♣♣##...#
###...##...##..# ♣⌠♣ #...#
##.....##..##..♣♣♣♣♣.♣♣♣♣♣...#
#....†..##........⌠.<.⌠......#
....#....#.#...♣♣♣♣♣.♣♣♣♣♣...#
...###...####..# ♣⌠♣ #..)#
...# #...# #..##♣♣♣.♣♣♣##...#


You could see a gnoll.

Vanquished Creatures
  A gnoll (D:2)
  A worm (D:1)
  3 dart slugs (D:1)
  2 leopard geckos (D:1)
  5 bats (D:1)
  3 giant cockroaches (D:1)
  7 goblins
  4 hobgoblins (D:1)
  3 jackals (D:1)
  7 kobolds
  3 frilled lizards
  3 rats
42 creatures vanquished.

Notes
Turn   | Place    | Note
-------+----------+-------------------------------------------
     0 | D:1      | Knicklaso the Halfling Berserker began the quest for the Orb.
     0 | D:1      | Reached XP level 1. HP: 15/15 MP: 1/1
    30 | D:1      | Reached skill level 3 in Fighting
    30 | D:1      | Reached XP level 2. HP: 21/21 MP: 2/2
   199 | D:1      | Reached XP level 3. HP: 22/26 MP: 3/3
   328 | D:1      | Reached ** piety under Trog
   820 | D:1      | Reached XP level 4. HP: 13/33 MP: 4/4
  1091 | D:2      | Reached skill level 4 in Fighting
  1274 | D:1      | Slain by a gnoll

Skill      XL: |  1  2  3  4 |
---------------+-------------+-----
Fighting       | 3 4 |  4.0
Long Blades    | |  3.6
Armour         | |  2.1
Dodging        | |  2.1

Action                   |  1- 3 |  4- 6 || total
-------------------------+-------+-------++-------
Melee: Falchion          |    98 |    28 ||   126
Throw: Throwing net      |       |     1 ||     1
 Stab: Sleeping          |     2 |       ||     2
  Eat: Chunk             |       |     1 ||     1
Armor: Animal skin       |    17 |       ||    17
       Leather armour    |       |     3 ||     3
Dodge: Dodged            |    85 |    13 ||    98
       Rpst.: Falchion   |    27 |     2 ||    29
